Euphox, chaotic male human Wizard --------- |..)...@I ------------ |..(..%.| ------------ ............ |.....!.-## |..........| |..........| ----.-.-- |..........| |........... # #.......>...| #..<........| ### ###|........#.-#########|..........| ### # ------------ ------------ # ######### # Euphox the Conjurer Experience level: 4 Strength: 8 Dexterity: 14 Constitution: 11 Intelligence: 18 Wisdom: 12 Charisma: 12 Health: 0(34) Energy: 43(47) AC: 9 Gold: 246 Moves: 1651 Your Inventory: Coins $ - 246 gold pieces Weapons a - a blessed +1 quarterstaff (weapon in hands) Armor b - an uncursed +0 cloak of magic resistance (being worn) Comestibles s - an [uncursed] apple x - 2 [uncursed] fortune cookies Scrolls i - an uncursed scroll of light j - a blessed scroll of create monster k - a blessed scroll of light n - an uncursed scroll labeled YUM YUM [of identify] o - an uncursed scroll labeled LEP GEX VEN ZEA [of enchant armor] p - an uncursed scroll labeled ELAM EBOW [of teleportation] v - a cursed scroll labeled YUM YUM [of identify] E - an [uncursed] scroll labeled VAS CORP BET MANI [of charging] Spellbooks l - a blessed spellbook of force bolt m - an uncursed spellbook of knock y - an uncursed spellbook of fireball A - an [uncursed] spellbook of detect treasure B - an [uncursed] spellbook of sleep C - an [uncursed] light brown spellbook [of detect unseen] Potions f - an uncursed potion of restore ability g - an uncursed potion of sleeping h - an uncursed potion of enlightenment z - an [uncursed] cloudy potion [of polymorph] Rings d - an uncursed ring of invisibility (on right hand) e - an uncursed ring of slow digestion (on left hand) Wands c - an uncursed wand of cold (0:6) Tools t - an uncursed tin opener Gems D - 2 [uncursed] black gems [worthless glass] Spells known in the end: Name Level Category Fail Memory a - force bolt 1 attack 0% [||||||||] b - knock 1 matter 0% [||||||||] c - fireball 4 attack 70% [||||||||] d - detect treasure 4 divination 100% [||||||||] e - sleep 1 enchantment 0% [||||||||] Your skills at the end: Fighting Skills Weapon Skills quarterstaff [Basic / Expert] Spellcasting Skills attack spells [Basic / Expert] enchantment spells [Basic / Skilled] Final Attributes: You were devoutly aligned. Hunger level was 539. Your alignment was 17 / 18. Monster difficulty range was 0 - 4. Level difficulty was 4. You were magic-protected. You were blinded. You were invisible. You had slower digestion. Your luck was zero. You are dead. Vanquished creatures: a hill orc a werejackal 2 iguanas 2 acid blobs 2 coyotes a giant rat a green mold a gecko a lichen 6 newts 18 creatures vanquished. Voluntary challenges: You used a wielded weapon 12 times. You read items or engraved 4 times. You put on armor 1 time. You never genocided any monsters. You never polymorphed an object. You never changed form. You used no wishes. You never wrote Elbereth's name. You never encountered a bones level. You never used any Sokoban shortcuts. Dungeon overview: The Dungeons of Doom: levels 1 to 4 Level 1 an altar to Anhur, a fountain a long staircase Level 2 a general store Level 3 an altar, a fountain, a sink a long staircase Level 4 <- You were here a sink History has recorded: On T:1 you entered the Dungeons of Doom to retrieve the Amulet of Yendor! On T:301 you reached level 2 of The Dungeons of Doom. On T:662 you advanced to experience level 2. On T:669 you reached level 3 of The Dungeons of Doom. On T:905 you advanced to experience level 3. On T:1343 you advanced to experience level 4. On T:1532 you reached level 4 of The Dungeons of Doom. Latest messages: [14 turns] You begin to memorize the runes. You add the "detect treasure" spell to your repertoire. [17 turns] You begin to memorize the runes. You add the "sleep" spell to your repertoire. [3 turns] A cloud of darkness falls upon you. You can move again. [8 turns] You try to feel what is lying here on the floor. It hits! [HP-17=17] It hits! You die... Final status: Goodbye Euphox the Wizard... You died in The Dungeons of Doom on dungeon level 4 with 888 points, and 246 pieces of gold, after 1651 moves. You were level 4 with a maximum of 34 hit points when you died.